 Dungeon Crawl Stone Soup version 0.30-a0-715-gdb4ae3ece1 (webtiles) character file.

Game seed: 9873687653200634107

11 KarmaKiller the Trooper (level 2, -2/42 HPs)
             Began as a Naga Berserker on Jan 23, 2023.
             Was a Follower of Trog.
             Slain by a kobold
             ... wielding a +0 club
              (3 damage)
             ... on level 1 of the Dungeon.
             The game lasted 00:03:00 (650 turns).

KarmaKiller the Trooper (Naga Berserker)             Turns: 650, Time: 00:03:00

Health: -2/42      AC:  1    Str: 19    XL:     2   Next: 25%
Magic:  2/2        EV:  9    Int:  7    God:    Trog [*.....]
Gold:   87         SH:  0    Dex: 10    Spells: 1/1 levels left

rFire   . . .      SeeInvis +    a - +0 falchion
rCold   . . .      Faith    .    (no shield)
rNeg    . . .      Spirit   .    b - +0 animal skin
rPois   +          Reflect  .    (no helmet)
rElec   .          Harm     .    (no cloak)
rCorr   .          Rampage  .    (no gloves)
Will    .....                    (no barding) Stlth
                                 (no amulet)
HPRegen 0.27/turn                (no ring)
MPRegen 0.08/turn                (no ring)

@: berserking, quick
A: AC +0, large, see invisible, deformed body, poison resistance, slowness 2,
spit poison 1, naga tail 1
a: Spit Poison, Renounce Religion, Berserk


You were on level 1 of the Dungeon.
You worshipped Trog.
Trog was aware of your devotion.
You visited 1 branch of the dungeon, and saw 1 of its levels.

You collected 87 gold pieces.

Inventory:

Hand Weapons
 a - a +0 falchion (weapon)
Missiles
 e - 3 atropa-tipped darts
 f - a throwing net
Armour
 b - a +0 animal skin (worn)
Scrolls
 c - a scroll of identify {unknown}
 d - a scroll of vulnerability {unknown}


   Skills:
 + Level 3.3 Fighting
 + Level 3.1 Long Blades
 + Level 1.6 Armour
 + Level 1.6 Dodging
 + Level 0.4 Stealth


You had one spell level left.
You didn't know any spells.
Your spell library was empty.

Dungeon Overview and Level Annotations

Branches:
Dungeon (1/15)

Altars:


Innate Abilities, Weirdness & Mutations

Your serpentine skin is tough. (AC +0)
You have supernaturally acute eyesight. (SInv)
Armour fits poorly on your strangely shaped body.
Your system is resistant to poisons. (rPois)
You cover ground very slowly.
You can spit poison.
You have a snake-like lower body.


Message History

The splash of poison misses the kobold.
The hobgoblin shouts!
The kobold hits you with a +0 club.
A goblin comes into view. It is wielding a +0 dagger.
The kobold hits you with a +0 club. x2
You barely miss the kobold.
You have got your breath back.
The kobold barely misses you. The hobgoblin hits you.
You barely miss the kobold. The kobold hits you with a +0 club.
The hobgoblin barely misses you.
You fail to use your ability.
The kobold hits you but does no damage. The hobgoblin hits you.
You barely miss the hobgoblin. The goblin barely misses you.
The kobold hits you with a +0 club. The hobgoblin hits you.
A red film seems to cover your vision as you go berserk!
You feel yourself moving faster!
You feel mighty! The goblin hits you with a +0 dagger.
The kobold barely misses you. The hobgoblin barely misses you.
You barely miss the hobgoblin. The goblin barely misses you.
The kobold hits you with a +0 club.
* * * LOW HITPOINT WARNING * * *
The hobgoblin closely misses you.
You barely miss the hobgoblin. The goblin completely misses you.
An endoplasm comes into view.
The kobold hits you with a +0 club.
* * * LOW HITPOINT WARNING * * *
The hobgoblin barely misses you.
You barely miss the hobgoblin.
The endoplasm quivers.
You slash the hobgoblin!
You kill the hobgoblin!
Trog accepts your kill. The goblin hits you with a +0 dagger.
* * * LOW HITPOINT WARNING * * *
The kobold hits you with a +0 club.
* * * LOW HITPOINT WARNING * * *
You completely miss the kobold. The goblin hits you with a +0 dagger.
* * * LOW HITPOINT WARNING * * *
The kobold hits you with a +0 club.
You die...

~####.###...####.#.####.# #.###.
##.......##...##...# ###########
#........##.#.#....### #...'....♣
#................>...#.#...####'#
#......................#.<.#♣♣♣.♣
#........#######.......#...#♣..♣♣
#........# #...#.....#...#.♣♣♣
#........# #.#......######'####
###.#####.# #.K@...####.........
#. .# #.g†.#...##......... #. .#
#..###.#.##......... #. .. ≈...
#.##~.......≈ ..≈≈... #~.~...≈.≈
..≈≈.~J #~.~...≈.≈ ..~≈...
#~.......≈ ..~~~.. #.........
#.........


You could see an endoplasm, a goblin and a kobold.

Vanquished Creatures
  A ball python (D:1)
  2 bats (D:1)
  2 hobgoblins (D:1)
  A kobold (D:1)
  2 frilled lizards (D:1)
  3 rats (D:1)
11 creatures vanquished.

Notes
Turn   | Place    | Note
-------+----------+-------------------------------------------
     0 | D:1      | KarmaKiller the Naga Berserker began the quest for the Orb.
     0 | D:1      | Reached XP level 1. HP: 21/21 MP: 1/1
   321 | D:1      | Reached XP level 2. HP: 28/28 MP: 2/2
   649 | D:1      | HP: 2/42 [kobold/+0 club (2)]
   650 | D:1      | Slain by a kobold

Illustrated notes

Levels and vault maps discovered:
D:1:      scummos_arrival_gate, layout_rooms, serial_rivers,
          chequers_serial_rivers_micro_a, chequers_serial_rivers_small_a,
          chequers_serial_rivers_marsh, chequers_serial_rivers_large_b,
          chequers_serial_rivers_small_3

Action                     || total
---------------------------++-------
  Melee: Falchion          ||    29
 Invoke: Berserk           ||     3
Ability: Spit Poison       ||     3
 Armour: Animal skin       ||    13
  Dodge: Dodged            ||    35

Table legend: (Time is in decaauts)
 A = Elapsed time spent in this place.
 B = Non-inter-level travel time spent in this place.
 C = Inter-level travel time spent in this place.
 D = Time resting spent in this place.
 E = Time spent auto-exploring this place.
 F = Levels seen in this place.
 G = Mean time per level.
                   A        B        C        D        E       F      G
               +--------+--------+--------+--------+--------+-----+--------+
         Total |    895 |    895 |      0 |     45 |      0 |   1 |  895.0 |
       Dungeon |    895 |    895 |      0 |     45 |      0 |   1 |  895.0 |
               +--------+--------+--------+--------+--------+-----+--------+

Top non-repeatable levels by time:
     D:1: 895 daAuts
